 Dungeon Crawl Stone Soup version 0.31-a0-344-gd109795599 (webtiles) character file.

Game seed: 15847941841120634057

147238 Mahakala the Spry (level 16, -12/85 HPs)
             Began as a Spriggan Enchanter on July 16, 2023.
             Was the Champion of Dithmenos.
             Mangled by a spark wasp (15 damage)
             ... on level 4 of the Spider Nest on Aug 10, 2023.
             The game lasted 03:01:11 (41427 turns).

Mahakala the Spry (Spriggan Enchanter)             Turns: 41427, Time: 03:01:12

Health: -12/85     AC: 12    Str:  3 (4)  XL:     16   Next: 91%
Magic:  25/27      EV: 25    Int: 20 (23) God:    Dithmenos [******]
Gold:   505        SH:  0    Dex: 21 (23) Spells: 3/29 levels left

rFire   + + .        a - +4 dagger (venom)
rCold   + + .        (no shield)
rNeg    . . .        M - +5 acid dragon scales
rPois   +            (helmet restricted)
rElec   +            H - scarf {rC+ rF+}
rCorr   +            (gloves unavailable)
SInv    +            (boots unavailable)
Will    ++...        q - amulet of regeneration
Stlth   ++++++++++   P - +4 ring of slaying
HPRegen 1.14/turn    C - +6 ring of dexterity
MPRegen 0.20/turn

%: no passive effects
@: resistant, wreathed by umbra, studying Armour, very quick
A: very small, no large weapons, unfitting armour, see invisible, speed 3
a: Renounce Religion, Shadow Step, Shadow Form


You were on level 4 of the Spider Nest.
You worshipped Dithmenos.
Dithmenos was exalted by your worship.
You visited 6 branches of the dungeon, and saw 28 of its levels.

You collected 2509 gold pieces.
You spent 2004 gold pieces at shops.

Inventory:

Hand Weapons
 a - a +4 dagger of venom (weapon)
 w - a +3 vampiric dagger
Missiles
 j - 36 poisoned darts
 m - 17 boomerangs
 E - 2 throwing nets {!f}
 Q - 2 curare-tipped darts {!f}
 S - 3 boomerangs of dispersal
Armour
 H - a scarf of resistance (worn)
 K - a +0 buckler
 M - +5 acid dragon scales (worn)
 Z - a +2 cloak of stealth
Magical Staves
 b - a staff of poison
Jewellery
 q - an amulet of regeneration (around neck)
 z - an amulet of reflection
 C - a +6 ring of dexterity (right hand)
 L - a ring of ice
 P - a +4 ring of slaying (left hand)
 U - a ring of positive energy
 V - a +5 ring of evasion
Wands
 c - a wand of mindburst (4)
 d - a wand of iceblast (21)
 e - a wand of polymorph (9)
 t - a wand of flame (23)
 u - a wand of paralysis (38)
 v - a wand of digging (2)
 x - a wand of quicksilver (6)
Scrolls
 k - 15 scrolls of teleportation {@r4}
 p - 4 scrolls of enchant weapon
 r - 2 scrolls of vulnerability
 s - a scroll of fog
 y - 3 scrolls of revelation
 A - a scroll of poison
 B - a scroll of summoning {unknown}
 F - 2 scrolls of blinking {@r3}
 I - a scroll of immolation {unknown}
 R - 2 scrolls of amnesia
 W - 3 scrolls of fear
 X - 3 scrolls of silence
Potions
 f - 4 potions of might
 g - 12 potions of curing {@q1}
 h - 6 potions of enlightenment
 i - 4 potions of brilliance
 l - 8 potions of heal wounds {@q2}
 n - 7 potions of lignification
 o - 4 potions of haste {@q3}
 D - 3 potions of attraction
 J - 3 potions of magic
 N - 2 potions of ambrosia
 O - 7 potions of invisibility
 T - 3 potions of mutation
 Y - a potion of resistance
Miscellaneous
 G - a sack of spiders


   Skills:
 - Level 10.0 Fighting
 - Level 7.0 Short Blades
 - Level 7.0 Armour
 - Level 16.0 Dodging
 - Level 13.0 Stealth
 - Level 7.0 Shields
 - Level 7.0 Spellcasting
 - Level 3.0 Conjurations
 - Level 13.0 Hexes
 + Level 7.2 Summonings
 - Level 13.0 Translocations
 - Level 1.0 Ice Magic
 + Level 1.4 Air Magic
 - Level 12.0 Invocations
 - Level 7.1 Evocations


You had 3 spell levels left.
You knew the following spells:

 Your Spells              Type           Power      Damage    Failure   Level
a - Ensorcelled Hibernat  Hex/Ice        70%        N/A       1%          2
b - Confusing Touch       Hex            56%        N/A       1%          3
c - Tukima's Dance        Hex            56%        N/A       1%          3
d - Dazzling Flash        Conj/Hex       78%        N/A       2%          3
e - Summon Mana Viper     Hex/Summ       47%        N/A       10%         5
f - Summon Forest         Summ/Tloc      23%        N/A       10%         5
g - Silence               Hex/Air        17%        N/A       32%         5

Your spell library contained the following spells:

 Spells                   Type           Power      Damage    Failure   Level
 Summon Guardian Golem    Hex/Summ       47%        N/A       1%          3
 Vhi's Electric Charge    Tloc/Air       70%        N/A       3%          3
 Freeze                   Ice            44%        1d6       16%         1
 Hailstorm                Conj/Ice       15%        3d5       30%         3
 Frozen Ramparts          Ice            22%        1d4       41%         3
 Manifold Assault         Tloc           56%        N/A       1%          4
 Passage of Golubria      Tloc           56%        N/A       1%          4
 Anguish                  Hex/Necr       16%        N/A       16%         4
 Dispersal                Tloc           28%        N/A       17%         6
 Summon Ice Beast         Ice/Summ       23%        N/A       38%         4
 Summon Cactus Giant      Summ           18%        N/A       87%         6
 Arcjolt                  Conj/Air       7%         1d17      95%         5
 Eringya's Noxious Bog    Tmut/Pois      3%         4d6       100%        6
 Simulacrum               Ice/Necr       4%         N/A       100%        6
 Orb of Destruction       Conj           9%         9d6       100%        7
 Spellforged Servitor     Conj/Summ      13%        N/A       100%        7
 Summon Hydra             Summ           18%        N/A       100%        7
 Disjunction              Tloc           28%        N/A       100%        8
 Lehudib's Crystal Spear  Conj/Erth      6%         10d3      100%        8
 Maxwell's Capacitive Co  Air            6%         ∞         100%        8


Dungeon Overview and Level Annotations

Branches:
Dungeon (15/15)            Temple (1/1) D:5            Lair (5/5) D:11
 Shoals (1/4) Lair:3       Spider (4/4) Lair:2        Slime (0/5) Lair:5
    Orc (2/2) D:10            Elf (0/3) Orc:2        Vaults (0/5) D:13
 Depths (0/4) D:15

Altars:
Ashenzari
Cheibriados
Dithmenos
Elyvilon
Fedhas
Gozag
Hepliaklqana
Kikubaaqudgha
Makhleb
Nemelex Xobeh
Okawaru
Qazlal
Ru
Sif Muna
Trog
Uskayaw
Vehumet
Wu Jian
Xom
Yredelemnul
Zin
The Shining One
Lugonu

Shops:
D:6 (   D:15 !   Orc:1 (=   Orc:2 (*?:(*[*[

Portals:
Abyss: Lair:5

Annotations:
D:9 Erolcha
Spider:1 1 exclusion
Spider:4 Nikola


Innate Abilities, Weirdness & Mutations

You are very small and have problems with some larger weapons.
You are too small for most types of armour.
You have supernaturally acute eyesight. (SInv)
You cover ground extremely quickly. (Speed+++)


Message History

The spark wasp's magic leaks into the air.
You hear a chilling moan.
You completely miss Nikola.
Nikola is almost dead.
Your shadow hits Nikola with a dagger.
You hear a faint skittering sound.
The spark wasp stings your mana viper. The spark wasp shocks your mana viper!
Your mana viper closely misses the spark wasp.
Nikola says, "There's a spark of magic in your eyes."
Nikola completely misses you.
You barely miss Nikola.
Nikola is almost dead.
Your shadow closely misses Nikola.
The spark wasp stings your mana viper. The spark wasp shocks your mana viper!
Your mana viper dies!
Your mana viper disappears in a puff of smoke!
You barely miss Nikola.
Nikola is almost dead.
A pharaoh ant comes into view.
Nikola misses you.
You closely miss Nikola.
Nikola is almost dead.
The spark wasp stings you. The spark wasp shocks you. You resist.
* * * LOW HITPOINT WARNING * * *
You closely miss Nikola.
Nikola is almost dead.
Your shadow hits Nikola with a dagger. The pharaoh ant completely misses you.
Nikola hits you with a +3 rapier of electrocution!
* * * LOW HITPOINT WARNING * * *
The spark wasp stings you!
* * * LOW HITPOINT WARNING * * *
You emit a cloud of dark smoke.
The spark wasp shocks you. You resist.
* * * LOW HITPOINT WARNING * * *
You hit Nikola.
Nikola looks as sick as possible!
Nikola is almost dead.
Your shadow hits Nikola with a dagger. The pharaoh ant completely misses you.
Nikola hits you with a +3 rapier of electrocution!
* * * LOW HITPOINT WARNING * * *
The spark wasp stings you!
You die...

.. .. .. .^## .#...
^.#.#....# .....
..^..^..# .@...
........^
#...###$#..#...#
........)........... ..
......#.#.....#.#^# ..^
#.......#@y§......#..
..#
##...^..#@§.§........
.#.
.#.#..#..#B§§.^.......
^.# .
...^....#!§#......#.^ ^#
..# #..#.....#.#.....#
.# .^##^.....§^#.#.....#
.## #.#...#...#..#...^##
..##
#..^..^......#...^.#
...#
#.#.#.........†......##
....
........^#..........^.##


You could see Nikola (extremely poisoned, magic disrupted), a spark wasp (magic
disrupted) and a pharaoh ant.

Vanquished Creatures
  Agnes (Spider:1)
  A frost giant (D:15)
  2 emperor scorpions
  2 ghost moths (Spider:1)
  A broodmother (Spider:2)
  2 entropy weavers
  4 hydras
  A jorogumo (Spider:4)
  7 radroaches
  5 centaur warriors
  4 boulder beetles
  7 two-headed ogres
  9 demonic crawlers
  4 tengu warriors
  2 thrashing horrors (Lair:5)
  5 orc high priests (Orc:2)
  A skyshark (Lair:5)
  8 pharaoh ants
  3 skeletal warriors (D:14)
  A sea snake (Shoals:1)
  11 orb spiders
  2 sun moths (Spider:2)
  Pikel (D:6)
  A lindwurm (Lair:3)
  7 deep elf pyromancers
  2 wizards
  8 steelbarb worms
  21 wolf spiders
  2 manticores
  An oklob plant (Lair:5)
  9 orc knights
  An orc sorcerer (Orc:2)
  4 cyclopes
  20 ugly things
  A moth of wrath (Spider:3)
  15 elephants
  3 black mambas
  A merfolk siren (Shoals:1)
  5 torpor snails
  13 cane toads
  2 smoke demons (Lair:5)
  A cane toad (shapeshifter) (D:13)
  A gargoyle (D:10)
  Maggie (D:7)
  3 kobold demonologists
  2 unseen horrors
  7 komodo dragons
  A tengu conjurer (D:15)
  8 rime drakes
  6 trolls
  3 polar bears
  19 tarantellas
  2 large abominations (Lair:5)
  4 dream sheep
  2 raiju (Lair:5)
  9 blink frogs (Lair:5)
  13 culicivoras
  A wraith (D:12)
  24 jumping spiders
  2 shadows (D:11)
  2 spriggans (Lair:5)
  6 basilisks
  A water elemental (D:14)
  3 wyverns
  28 yaks
  Eustachio (D:5)
  3 ynoxinuls (Lair:5)
  A steam dragon (D:9)
  43 redbacks
  7 wargs
  10 vampire mosquitoes
  2 chaos spawn (Lair:5)
  2 acid dragons
  7 small abominations (Lair:5)
  19 water moccasins
  A swamp drake (D:10)
  29 orc warriors
  A black bear (D:6)
  An ice beast (D:8)
  A sky beast (D:7)
  11 centaurs
  6 ogres
  13 wolves
  3 phantoms
  2 lemures (D:6)
  5 kobold brigands
  4 necrophages (D:10)
  A gnoll sergeant (D:5)
  8 bullfrogs
  A water moccasin zombie (D:7)
  8 wights
  12 killer bees
  4 howler monkeys
  4 electric eels
  A bullfrog zombie (D:7)
  A human zombie (D:10)
  35 orc priests
  6 hounds
  2 jellies
  3 sleepcaps
  4 iguanas
  24 orc wizards
  5 hell rats (Lair:2)
  4 mummies (D:10)
  5 gnolls
  A howler monkey zombie (D:10)
  5 adders
  2 white imps
  4 worms
  3 dart slugs
  107 orcs
  4 ball pythons
  5 bats
  5 endoplasms
  4 giant cockroaches
  10 goblins
  13 hobgoblins
  16 kobolds
  4 quokkas
  2 frilled lizards
  4 rats
  A butterfly (Lair:4)
839 creatures vanquished.

Vanquished Creatures (collateral kills)
  Mlioglotl (Spider:4)
  An emperor scorpion (Spider:3)
  3 ghost moths
  2 pharaoh ants (Spider:3)
  A jumping spider (Spider:3)
  A water moccasin (D:8)
  2 wights
  An orc (D:8)
12 creatures vanquished.

Vanquished Creatures (others)
  A blink frog (Lair:5)
  A culicivora (Spider:2)
  A redback (Spider:3)
3 creatures vanquished.

Grand Total: 854 creatures vanquished

Notes
Turn   | Place    | Note
-------+----------+-------------------------------------------
     0 | D:1      | Mahakala the Spriggan Enchanter began the quest for the
                  | Orb.
     0 | D:1      | Reached XP level 1. HP: 9/9 MP: 5/5
   162 | D:1      | Reached XP level 2. HP: 13/13 MP: 6/6
   165 | D:1      | Learned a level 2 spell: Ensorcelled Hibernation
  1243 | D:2      | Reached XP level 3. HP: 16/16 MP: 8/8
  1247 | D:2      | Learned a level 3 spell: Confusing Touch
  1575 | D:2      | Found a bloodstained altar of Trog.
  1995 | D:2      | Reached XP level 4. HP: 13/21 MP: 5/9
  2042 | D:2      | Noticed a shining eye
  2046 | D:2      | Noticed a great orb of eyes
  2052 | D:2      | Found a faded altar of an unknown god.
  2053 | D:2      | Noticed a floating eye
  2053 | D:2      | Noticed a floating eye
  2558 | D:3      | Reached skill level 5 in Hexes
  2562 | D:3      | Learned a level 3 spell: Tukima's Dance
  2862 | D:3      | Identified the +0 leather armour of True Grit {Str+3}
  2906 | D:3      | Found a sacrificial altar of Ru.
  2921 | D:3      | Reached XP level 5. HP: 22/24 MP: 10/10
  3516 | D:3      | Found a faded altar of an unknown god.
  3520 | D:3      | Found an iron altar of Okawaru.
  3901 | D:3      | Reached skill level 1 in Ice Magic
  3901 | D:3      | Reached skill level 3 in Dodging
  4040 | D:4      | Found a basalt altar of Yredelemnul.
  4143 | D:4      | Found a snail-covered altar of Cheibriados.
  4285 | D:4      | Reached skill level 5 in Stealth
  4285 | D:4      | Reached XP level 6. HP: 28/28 MP: 11/11
  4759 | D:4      | Reached skill level 4 in Dodging
  5486 | D:4      | Found a shimmering blue altar of Sif Muna.
  5594 | D:5      | Entered Level 5 of the Dungeon
  5650 | D:5      | Found a staircase to the Ecumenical Temple.
  5681 | Temple   | Entered the Ecumenical Temple
  5843 | Temple   | Became a worshipper of Dithmenos the Shadowed
  5928 | D:5      | Reached skill level 5 in Dodging
  6021 | D:5      | Learned a level 3 spell: Dazzling Flash
  6038 | D:5      | Noticed a yak
  6094 | D:5      | Reached XP level 7. HP: 32/32 MP: 1/13
  6578 | D:5      | Reached skill level 5 in Spellcasting
  6692 | D:5      | Found a stormy altar of Qazlal.
  6697 | D:5      | Noticed a yak
  6698 | D:5      | Noticed a yak
  6700 | D:5      | Noticed a yak
  6715 | D:5      | Noticed a yak
  6736 | D:5      | Killed a yak
  6737 | D:5      | Reached XP level 8. HP: 36/36 MP: 9/16
  6752 | D:5      | Reached * piety under Dithmenos
  6753 | D:5      | Reached skill level 10 in Hexes
  7092 | D:5      | Noticed Eustachio
  7094 | D:5      | Killed Eustachio
  7214 | D:6      | Found Wutal's Antique Weapon Shoppe.
  7235 | D:6      | Reached XP level 9. HP: 37/46 MP: 14/17
  7288 | D:6      | Noticed Pikel
  7557 | D:6      | Found a radiant altar of Vehumet.
  7579 | D:6      | Reached skill level 5 in Fighting
  7707 | D:6      | Killed Pikel
  7975 | D:6      | Found an ornate altar of the Wu Jian Council.
  8051 | D:6      | Reached skill level 1 in Invocations
  8120 | D:6      | Found an opulent altar of Gozag.
  8223 | D:6      | Found a bloodstained altar of Trog.
  8232 | D:6      | Found a burning altar of Makhleb.
  8461 | D:7      | Found a hazy altar of Hepliaklqana.
  8649 | D:7      | Reached ** piety under Dithmenos
  9001 | D:7      | Reached skill level 6 in Dodging
  9213 | D:7      | Reached XP level 10. HP: 51/51 MP: 18/18
  9578 | D:7      | Noticed Maggie
  9612 | D:7      | Killed Maggie
  9613 | D:7      | Reached skill level 7 in Dodging
  9986 | D:8      | Reached skill level 8 in Dodging
 10076 | D:8      | Reached skill level 1 in Shields
 10751 | D:9      | Noticed a two-headed ogre
 10753 | D:9      | Killed a two-headed ogre
 10754 | D:9      | Reached skill level 1 in Armour
 11053 | D:9      | Noticed Erolcha
 11081 | D:9      | Noticed a two-headed ogre
 11098 | D:9      | Killed a two-headed ogre
 11357 | D:9      | Reached *** piety under Dithmenos
 11614 | D:9      | Found a white marble altar of Elyvilon.
 11724 | D:10     | Entered Level 10 of the Dungeon
 11882 | D:10     | Noticed a soul eater
 11883 | D:10     | Reached skill level 5 in Armour
 12023 | D:10     | Noticed a gargoyle
 12036 | D:10     | Reached XP level 11. HP: 55/55 MP: 14/19
 12443 | D:10     | Noticed a two-headed ogre
 12449 | D:10     | Killed a two-headed ogre
 12514 | D:10     | Found an ancient bone altar of Kikubaaqudgha.
 12541 | D:10     | Reached **** piety under Dithmenos
 12723 | D:10     | Reached skill level 5 in Shields
 13026 | D:10     | Found a staircase to the Orcish Mines.
 13610 | D:11     | Reached skill level 1 in Evocations
 13706 | D:11     | Reached skill level 5 in Evocations
 13791 | D:11     | Found a staircase to the Lair.
 14711 | Lair:1   | Entered Level 1 of the Lair of Beasts
 14856 | Lair:1   | Noticed a boulder beetle
 14866 | Lair:1   | Killed a boulder beetle
 14867 | Lair:1   | Reached skill level 1 in Conjurations
 14887 | Lair:1   | Identified the +0 quarterstaff of the Saviour {freeze,
                  | Dex+6}
 15271 | Lair:1   | Reached XP level 12. HP: 60/60 MP: 9/20
 15584 | Lair:2   | Noticed a seven-headed hydra
 15634 | Lair:1   | Killed a seven-headed hydra
 15634 | Lair:1   | Reached ***** piety under Dithmenos
 15813 | Lair:2   | Found a hole to the Spider Nest.
 16080 | Lair:2   | Noticed a death yak
 17409 | Lair:3   | Found a staircase to the Shoals.
 17596 | Lair:3   | Noticed a four-headed hydra
 17621 | Lair:3   | Killed a four-headed hydra
 17802 | Lair:3   | Reached skill level 9 in Dodging
 18604 | Lair:3   | Found a staircase to the Shoals.
 19166 | Lair:4   | Reached skill level 10 in Dodging
 19342 | Lair:4   | Reached skill level 11 in Dodging
 19754 | Lair:4   | Reached XP level 13. HP: 49/63 MP: 14/21
 19836 | Lair:4   | Reached skill level 12 in Dodging
 20286 | Lair:4   | Reached skill level 13 in Dodging
 20657 | Lair:5   | Entered Level 5 of the Lair of Beasts
 20700 | Lair:4   | Reached skill level 5 in Invocations
 21139 | Lair:5   | Learned a level 5 spell: Summon Mana Viper
 21170 | Lair:5   | Found a staircase to the Slime Pits.
 22586 | Lair:5   | Reached ****** piety under Dithmenos
 22625 | Lair:5   | Reached skill level 1 in Summonings
 24194 | Lair:5   | Reached skill level 5 in Summonings
 24227 | Lair:5   | Found a corrupted altar of Lugonu.
 24227 | Lair:5   | Found a one-way gate to the infinite horrors of the Abyss.
 24239 | Lair:5   | Identified the +16 plate armour "Tanloewk" {rPois Will+
                  | SInv}
 24556 | Orc:1    | Entered Level 1 of the Orcish Mines
 24623 | Orc:1    | Reached XP level 14. HP: 40/68 MP: 7/22
 24769 | Orc:1    | Found Iluwetwoi's Jewellery Shoppe.
 24819 | Orc:1    | Found Heqapt's Weapon Shop.
 25180 | Orc:2    | Entered Level 2 of the Orcish Mines
 25293 | Orc:2    | Found Bevetopt's Assorted Antiques.
 25352 | Orc:2    | Found Egaegrypn's Magic Scroll Shop.
 25355 | Orc:2    | Bought a scroll of silence for 133 gold pieces
 25355 | Orc:2    | Bought a scroll of identify for 28 gold pieces
 25409 | Orc:2    | Found a staircase to the Elven Halls.
 25410 | Orc:2    | Found Silem's Book Emporium.
 25419 | Orc:2    | Bought a book of the Moon for 640 gold pieces
 25455 | Orc:2    | Reached skill level 10 in Stealth
 25487 | Orc:2    | Found Ujuloukh's Weapon Shoppe.
 25748 | Orc:2    | Found Gaeclu's Antique Weapon Boutique.
 27290 | Orc:2    | Found Diraso's Antique Armour Shop.
 27290 | Orc:2    | Found Daish's Assorted Antiques.
 27292 | Orc:2    | Found Tyries's Armour Shop.
 27292 | Orc:2    | Found Fubbuyt's Assorted Antiques.
 27309 | Orc:2    | Bought an embroidered cloak for 240 gold pieces
 27311 | Orc:2    | Bought a +1 cloak of stealth for 214 gold pieces
 28473 | D:13     | Learned a level 5 spell: Summon Forest
 28839 | D:13     | Reached skill level 5 in Translocations
 28840 | D:13     | Found a gate to the Vaults.
 29550 | D:14     | Found a hazy altar of Hepliaklqana.
 29865 | D:14     | Reached skill level 10 in Translocations
 29928 | D:14     | Reached XP level 15. HP: 69/75 MP: 20/23
 30332 | D:15     | Entered Level 15 of the Dungeon
 30721 | D:15     | Found Misusavut's Distillery.
 31081 | D:15     | Bought a potion of magic for 104 gold pieces
 31081 | D:15     | Bought a potion of heal wounds for 65 gold pieces
 31081 | D:15     | Bought a potion of haste for 130 gold pieces
 31207 | D:15     | Found a glowing golden altar of the Shining One.
 31319 | D:15     | Found a staircase to the Depths.
 31319 | D:15     | Noticed a frost giant
 31321 | D:15     | Killed a frost giant
 31519 | D:15     | Reached skill level 10 in Invocations
 31570 | D:15     | Upgraded the game from 0.31-a0-303-gdc8c9485ea to
                  | 0.31-a0-344-gd109795599
 31732 | Spider:1 | Entered Level 1 of the Spider Nest
 32066 | Orc:1    | Bought an amulet of regeneration for 450 gold pieces
 33990 | Spider:1 | Identified the +0 scale mail of Gravitas {rF+ Str+2}
 33990 | Spider:1 | Noticed Agnes
 34013 | Spider:1 | Killed Agnes
 34698 | Spider:2 | Noticed an emperor scorpion
 34765 | Spider:2 | Killed an emperor scorpion
 35104 | Spider:2 | Reached XP level 16. HP: 81/81 MP: 27/27
 35168 | Spider:2 | Reached skill level 14 in Dodging
 37538 | Spider:3 | Reached skill level 15 in Dodging
 38556 | Spider:3 | Reached skill level 16 in Dodging
 39172 | Spider:4 | Entered Level 4 of the Spider Nest
 39283 | Spider:4 | Noticed Mlioglotl
 39334 | Spider:4 | Noticed Nikola
 39344 | Spider:4 | Killed Mlioglotl
 40639 | Spider:4 | Paralysed by a jorogumo for 1 turns
 40759 | Spider:4 | Reached skill level 10 in Fighting
 40896 | Spider:3 | Learned a level 5 spell: Silence
 41037 | Shoals:1 | Entered Level 1 of the Shoals
 41263 | Spider:4 | Reached skill level 1 in Air Magic
 41427 | Spider:4 | HP: 3/85 [Nikola/+3 rapier of electrocution (15)]
 41427 | Spider:4 | Mangled by a spark wasp

Illustrated notes

Levels and vault maps discovered:
D:1:      lightli_molten_gateway, layout_loops_ring, patterned_corridor
D:2:      layout_rooms, basic_altar, hellmonk_ecumenical_altar_watching_god,
          kennysheep_generic_room_14
D:3:      kennysheep_big_flooded_room, layout_loops_ring,
          nicolae_ru_great_annihilating_truth, nicolae_overflow_ecumenical_swirl
D:4:      minmay_evil_eye, layout_loops_ring, nicolae_sif_muna_little_library,
          kennysheep_mini_moat, cheibrodos_worm_habitat
D:5:      layout_basic, nicolae_qazlal_scattered_showers,
          minmay_temple_entry_steel_oval, uniq_eustachio
D:6:      layout_loops_corners, nzn_wu_jian_council_hall,
          nicolae_gozag_seed_capital, vehumet_altar_wand_db,
          amethyst_overflow_temple_binary, serial_shops, shop, uniq_pikel
D:7:      layout_loops_ring, mainiacjoe_overflow_concentric_impassable,
          serial_undead, serial_undead_f, serial_undead_a, serial_undead_a,
          serial_undead_b, nicolae_concentric_dashed_squares_mild, uniq_maggie
D:8:      layout_loops_cross
D:9:      layout_long_grid, lemuel_coloured_pillars_altar, uniq_erolcha
D:10:     layout_basic, lemuel_mausoleum_altar_kikubaaqudgha, erik_orc_1
D:11:     layout_basic, erik_lair_orcish_takeover
D:12:     layout_irregular_city, st_stairs_1
D:13:     layout_roguey, david_vaults_1
D:14:     layout_basic, nicolae_hepliaklqana_hippocampus
D:15:     grunt_enter_depths_snipers, layout_small_grid,
          nicolae_tso_carved_into_rock, serial_shops, nicolae_diamond_shop
Temple:   hellmonk_temple_flake
Lair:1:   layout_cave_pods
Lair:2:   layout_cave_pods, dummy_spider_entry, st_stairs_5, lemuel_fruit_tree,
          grunt_megastairs_4
Lair:3:   layout_long_grid, elwin_shoals_entry_rocks, grunt_megastairs_3,
          serial_bayou_shore_b
Lair:4:   layout_regular_city, lemuel_fruit_fields
Lair:5:   hellmonk_lair_end_abyssal_woods, layout_loops_ring,
          dpeg_slime_entry_enclosed
Shoals:1: layout_shoals, serial_shops, shop
Spider:1: layout_spider_delve, drop_trap, spiders_nest_spider_trap, uniq_agnes
Spider:2: layout_cave_pods
Spider:3: layout_spider_delve
Spider:4: guppyfry_spider_rune, nicolae_spider_some_kinda_spiderbox,
          uniq_nikola, uniq_mlioglotl
Orc:1:    layout_caves, serial_shops, nicolae_shop_rolling_square,
          nicolae_shop_pleasant_corner_grove
Orc:2:    st_orc_pillars, layout_diamond_mine, serial_shops,
          nicolae_shop_rolled_up, nicolae_shop_crystal, nicolae_shop_stone,
          nicolae_shop_hallway_stairs, shop, mines1_david

Skill      XL: |  1  2  3  4  5  6  7  8  9 10 11 12 13 14 15 16 |
---------------+-------------------------------------------------+-----
Short Blades   | 2 3 4 7 |  7.0
Hexes          | 4 5 6 8 10 13 | 13.0
Ice Magic      | 1 |  1.0
Dodging        | 3 5 6 8 11 13 16 | 16.0
Stealth        | 5 6 7 8 13 | 13.0
Spellcasting   | 3 5 7 |  7.0
Fighting       | 4 5 7 8 10 | 10.0
Invocations    | 4 9 12 | 12.0
Shields        | 4 6 7 |  7.0
Armour         | 5 7 |  7.0
Evocations     | 7 |  7.1
Conjurations   | 1 3 |  3.0
Summonings     | 5 6 7 |  7.2
Translocations | 10 11 13 | 13.0
Air Magic      | 1 |  1.4

Action                     |  1- 3 |  4- 6 |  7- 9 | 10-12 | 13-15 | 16-18 || total
---------------------------+-------+-------+-------+-------+-------+-------++-------
  Melee: Dagger            |    99 |   167 |   204 |   490 |   954 |   303 ||  2217
         Punch             |       |     2 |     5 |     4 |       |     2 ||    13
         Rapier            |       |       |       |       |    30 |       ||    30
         Staff             |       |       |       |       |       |    23 ||    23
  Throw: Dart              |       |       |       |       |       |     1 ||     1
   Cast: Ensorcelled Hiber |    31 |    72 |    56 |   165 |   282 |   151 ||   757
         Confusing Touch   |     1 |     7 |    15 |    32 |    40 |    10 ||   105
         Tukima's Dance    |       |       |     4 |     2 |       |       ||     6
         Dazzling Flash    |       |       |       |       |     4 |       ||     4
         Summon Mana Viper |       |       |       |       |     1 |     9 ||    10
         Summon Forest     |       |       |       |       |       |     8 ||     8
 Invoke: Shadow Step       |       |       |       |       |     1 |     1 ||     2
  Evoke: Wand              |       |       |       |     3 |     4 |     2 ||     9
    Use: Scroll            |       |     1 |     3 |    18 |     7 |     5 ||    34
         Potion            |       |       |       |       |     2 |     2 ||     4
   Stab: Sleeping          |    16 |    56 |    46 |   129 |   232 |    82 ||   561
         Confused          |       |     3 |    14 |    25 |    37 |     9 ||    88
         Paralysed         |       |     1 |       |     1 |       |       ||     2
         Distracted        |       |     1 |       |     2 |     7 |     4 ||    14
         Invisible         |       |       |       |       |     1 |       ||     1
 Armour: Robe              |    13 |    13 |     8 |       |       |       ||    34
         Acid dragon scale |       |       |       |    54 |   113 |    81 ||   248
  Dodge: Dodged            |    66 |    84 |    72 |   319 |   618 |   472 ||  1631
  Block: Other             |       |       |    19 |    57 |       |       ||    76
         Buckler           |       |       |       |    92 |   412 |    22 ||   526
         Reflection        |       |       |       |     1 |    24 |       ||    25

Table legend: (Time is in decaauts)
 A = Elapsed time spent in this place.
 B = Non-inter-level travel time spent in this place.
 C = Inter-level travel time spent in this place.
 D = Time resting spent in this place.
 E = Time spent auto-exploring this place.
 F = Levels seen in this place.
 G = Mean time per level.
                   A        B        C        D        E       F      G
               +--------+--------+--------+--------+--------+-----+--------+
         Total |  30778 |  28875 |   1903 |   9663 |   8741 |  28 | 1099.2 |
       Dungeon |  13925 |  12952 |    973 |   3439 |   5392 |  15 |  928.3 |
        Temple |    105 |     99 |      6 |      0 |     76 |   1 |  105.0 |
          Lair |   8088 |   7729 |    359 |   3030 |   2436 |   5 | 1617.6 |
        Shoals |     24 |     24 |      0 |      0 |      0 |   1 |   24.0 |
   Spider Nest |   6423 |   5930 |    493 |   2348 |    502 |   4 | 1605.8 |
  Orcish Mines |   2211 |   2141 |     70 |    845 |    334 |   2 | 1105.5 |
               +--------+--------+--------+--------+--------+-----+--------+

Top non-repeatable levels by time:
  Lair:5: 2574 daAuts
Spider:2: 2470 daAuts
Spider:3: 2066 daAuts
  Lair:3: 1728 daAuts
   Orc:2: 1623 daAuts
Spider:1: 1483 daAuts
  Lair:4: 1483 daAuts
    D:10: 1345 daAuts
  Lair:2: 1275 daAuts
     D:5: 1268 daAuts
     D:4: 1212 daAuts
    D:11: 1151 daAuts
     D:3: 1122 daAuts
  Lair:1: 1026 daAuts
    D:14: 1025 daAuts
